Get step-by-step instructions on how to execute this build order below. Start the game timer, and the build order will tick by so you can play in parallel with StarCraft on a second screen or mobile device.

Game Time

  0:00

Last Step

  N/A

Next Step

Upcoming Step



Don't want to look back and forth between 2 screens? Try out our Overwolf App, the Spawning Tool Build Advisor to get an in-game overlay with this build!

Complete Build Order

  12  0:01  Drone  
  13  0:13  Overlord  
  13  0:17  Drone  
  14  0:34  Drone  
  14  0:35  Drone  
  16  0:37  Drone  
  17  0:59  Drone  
  17  1:00  Hatchery  
  17  1:03  Extractor  
  16  1:05  Drone  
  17  1:27  Spawning Pool  
  17  1:28  Drone  
  17  1:29  Drone  
  18  1:35  Drone  
  19  1:46  Overlord  
  19  2:03  Drone  
  20  2:14  Queen  
  22  2:17  Queen  
  22  2:22  Zergling x4  
  26  2:28  Metabolic Boost  
  26  2:34  Zergling x4  
  28  2:46  Zergling x8  
  28  2:49  Queen  
  34  2:55  Overlord  
  34  2:57  Zergling x2  
  35  3:02  Overlord  
  35  3:10  Baneling Nest  
  34  3:16  Overlord  
  34  3:26  Zergling x6  
  37  3:36  Zergling x4  
  37  3:37  Zergling x4  
  41  3:44  Overlord  
  39  4:03  Zergling x2  
  39  4:04  Zergling x10  
  42  4:14  Zergling x6  
  42  4:15  Zergling x2  
  45  4:26  Zergling x6